 Seeded DCSS version 0.28.0-43-g3370ac3207 (webtiles) character file.

Game seed: 9871404364189446373 (custom seed)

3294 croobank the Cleaver (level 10, -2/91 HPs)
             Began as a Hill Orc Fighter on Mar 25, 2022.
             Was a Follower of Beogh.
             Killed from afar by a gargoyle (13 damage)
             ... with a stone arrow
             ... on level 7 of the Dungeon.
             The game lasted 00:29:29 (8620 turns).

croobank the Cleaver (Hill Orc Fighter)             Turns: 8620, Time: 00:29:30

Health: -2/91      AC: 15    Str: 24    XL:     10   Next: 1%
Magic:  10/10      EV:  8    Int:  8    God:    Beogh [*.....]
Gold:   469        SH:  5    Dex: 10    Spells: 7/9 levels left

rFire   . . .      SeeInvis .   a - +0 war axe
rCold   + . .      Faith    .   c - +0 buckler
rNeg    . . .      Spirit   .   y - +0 chain mail
rPois   .          Reflect  .   (no helmet)
rElec   .          Harm     .   (no cloak)
rCorr   .          Rampage  .   (no gloves)
Will    .....                   (no boots)
Stlth   ..........              (no amulet)
HPRegen 0.25/turn               v - ring of protection from cold
MPRegen 0.12/turn               n - +4 ring of protection

@: no status effects
A: no striking features
a: Renounce Religion


You were on level 7 of the Dungeon.
You worshipped Beogh.
Beogh was aware of your devotion.
You visited 1 branch of the dungeon, and saw 7 of its levels.
You also visited: Sewer.

You collected 469 gold pieces.

Inventory:

Hand Weapons
 a - a +0 war axe (weapon)
 b - the +1 hunting sling of Fear {vorpal, +Blink rElec MP-9 SInv}
   (You found it on level 6 of the Dungeon)

   Any ammunition fired from it inflicts extra damage upon your enemies.
   rElec:     It insulates you from electricity.
   MP:        It affects your magic capacity (-9).
   SInv:      It lets you see invisible.
   +Blink:    It lets you blink.
 d - a +0 flail of pain
 u - a +0 scimitar
 C - a +0 flail of draining
Missiles
 e - 162 stones
 j - 156 arrows
 o - 90 sling bullets
 p - 3 poisoned darts
 r - 2 boomerangs (quivered)
 s - a throwing net
Armour
 c - a +0 buckler (worn)
 y - a +0 chain mail (worn)
Jewellery
 n - a +4 ring of protection (right hand)
 v - a ring of protection from cold (left hand)
 w - a ring of positive energy
Wands
 g - a wand of mindburst (4)
 h - a wand of acid (5)
 A - a wand of flame (15)
Scrolls
 f - 6 scrolls of amnesia {amnesia, unknown}
 i - 3 scrolls of identify {identify, unknown}
 k - 3 scrolls of teleportation
 l - 2 scrolls of immolation {immolation, unknown}
 t - a scroll of enchant weapon {enchant weapon, unknown}
 x - a scroll of blinking {blinking, unknown}
 z - a scroll of noise {noise, unknown}
 B - a scroll of vulnerability {vulnerability, unknown}
Potions
 m - a potion of flight {flight, unknown}
 q - 2 potions of attraction {attraction, unknown}


   Skills:
 + Level 9.0 Fighting
 + Level 9.4 Axes
 + Level 8.2 Armour
 + Level 8.2 Shields


You had 7 spell levels left.
You knew the following spells:

 Your Spells              Type           Power      Damage    Failure   Level
a - Beastly Appendage     Tmut           0%         N/A       97%         1
b - Sting                 Tmut/Pois      0%         1d3       97%         1

Your spell library contained the following spells:

 Spells                   Type           Power      Damage    Failure   Level
 Freeze                   Ice            0%         1d3       97%         1
 Poisonous Vapours        Pois/Air       0%         N/A       99%         2
 Wereblood                Tmut           0%         N/A       99%         2
 Frozen Ramparts          Ice            0%         1d2       100%        3
 Ignite Poison            Fire/Tmut/Pois 0%         N/A       100%        3
 Mephitic Cloud           Conj/Pois/Air  0%         N/A       100%        3
 Spider Form              Tmut/Pois      0%         N/A       100%        3
 Hailstorm                Conj/Ice       0%         3d3       100%        4
 Olgreb's Toxic Radiance  Pois           0%         N/A       100%        4
 Freezing Cloud           Conj/Ice/Air   0%         6-21      100%        5


Dungeon Overview and Level Annotations

Branches:
Dungeon (7/15)              Sewer (visited)
 Temple: D:4-7

Altars:
Elyvilon

Shops:
D:6 **


Message History

You kill the hound!
Beogh accepts your kill.
You hit something. Something hits you but does no damage.
The gargoyle hurls a stone arrow at you.
The stone arrow hits you!!
You miss something. Something hits you but does no damage.
You closely miss something. Something hits you.
The gargoyle hurls a stone arrow at you.
You block the stone arrow.
Something hits you but does no damage. x2
There is a stone staircase leading up, spattered with blood here.
Okay, then.
You slash the gargoyle!
The gargoyle is heavily damaged.
You barely miss something. Something hits you but does no damage.
The gargoyle hurls a stone arrow at you.
The stone arrow hits you!
You hit the gargoyle.
The gargoyle is severely damaged.
The gargoyle hits you with a +0 mace. Something hits you but does no damage.
You hit the gargoyle.
The gargoyle is severely damaged.
You barely miss something.
Something hits you but does no damage. x2
The gargoyle hits you with a +0 mace!
You hit the gargoyle but do no damage.
The gargoyle is severely damaged.
Something hits you. Something hits you but does no damage.
You block the gargoyle's attack.
You hit the gargoyle but do no damage.
The gargoyle is severely damaged.
You closely miss something.
Something hits you but does no damage. x2
The gargoyle hurls a stone arrow at you.
The stone arrow hits you!!
* * * LOW HITPOINT WARNING * * *
You hit the gargoyle.
The gargoyle is severely damaged.
Something hits you but does no damage.
The gargoyle hurls a stone arrow at you.
The stone arrow hits you!
You die...

§≈§≈§≈≈≈ #.#
.§§≈≈≈≈≈ ...
.§§≈≈≈≈≈
######..
.≈≈≈≈≈##
#§≈§≈≈.#
####. ..≈≈≈##
#≈≈≈≈... ....
..≈≈##
#≈≈≈≈..#
##... #..##
#§≈≈...# .h..
... #.# #..#
....
##@####..#
#.9.##...#
#..#..#..<#
....###...#.#
####)
#>......
##...##.#.#.
#. #.#...# #
# #..## ...


You could see a gargoyle.

Vanquished Creatures
  Pikel (D:5)
  An unseen horror (D:6)
  Menkaure (D:5)
  3 water moccasins
  An acid dragon (D:6)
  2 sky beasts (D:6)
  2 black bears
  3 ogres
  A necrophage (D:6)
  2 centaurs (D:5)
  A phantom (D:6)
  2 bullfrogs
  2 scorpions
  A wyvern skeleton (D:6)
  2 water moccasin skeletons (D:6)
  A killer bee (D:7)
  A centaur zombie (D:6)
  A bullfrog zombie (D:6)
  A lava snake (D:7)
  2 hounds
  4 jellies
  A bullfrog skeleton (D:6)
  3 iguanas
  Ijyb (D:5)
  3 orc wizards
  3 adders
  2 river rats (D:5)
  2 shadow imps (D:6)
  A white imp (D:5)
  An ufetubus (D:6)
  2 adder skeletons (D:4)
  A worm (D:2)
  2 dart slugs
  11 orcs
  8 ball pythons
  12 endoplasms
  8 goblins
  3 hobgoblins
  7 jackals (D:4)
  3 quokkas
  12 bats
  3 frilled lizards
  2 kobolds
  2 rats (D:2)
128 creatures vanquished.

Notes
Turn   | Place    | Note
-------+----------+-------------------------------------------
     0 | D:1      | croobank the Hill Orc Fighter began the quest for the Orb.
     0 | D:1      | Reached XP level 1. HP: 19/19 MP: 1/1
   228 | D:1      | Reached XP level 2. HP: 24/27 MP: 2/2
   941 | D:2      | Reached XP level 3. HP: 30/33 MP: 3/3
  1724 | D:3      | Reached XP level 4. HP: 40/40 MP: 4/4
  1978 | D:3      | Became a worshipper of Beogh the Brigand
  2000 | D:3      | You fall into a shaft and drop 2 floors!
  2000 | D:5      | Entered Level 5 of the Dungeon
  2115 | D:5      | Found a glowing drain.
  2251 | D:5      | Noticed an ogre
  2258 | Sewer    | Entered a sewer
  2284 | Sewer    | Noticed a water moccasin
  2308 | Sewer    | Killed a water moccasin
  2309 | Sewer    | Reached skill level 5 in Fighting
  2309 | Sewer    | Reached XP level 5. HP: 5/48 MP: 5/5
  2624 | D:5      | Noticed a water moccasin
  2747 | D:4      | Reached XP level 6. HP: 55/56 MP: 6/6
  3333 | D:4      | Reached * piety under Beogh
  3687 | D:4      | Noticed a black bear
  3693 | D:4      | Killed a black bear
  3694 | D:4      | Reached skill level 5 in Axes
  3694 | D:4      | Reached skill level 5 in Armour
  3694 | D:4      | Reached skill level 5 in Shields
  3981 | D:5      | Reached XP level 7. HP: 58/62 MP: 7/7
  4336 | D:5      | Noticed Menkaure
  4349 | D:5      | Killed Menkaure
  4579 | D:5      | Reached XP level 8. HP: 32/71 MP: 8/8
  5098 | D:5      | Noticed Ijyb
  5104 | D:5      | Killed Ijyb
  5311 | D:5      | Noticed Pikel
  5351 | D:5      | Killed Pikel
  5872 | D:6      | Found a white marble altar of Elyvilon.
  5896 | D:5      | Reached XP level 9. HP: 70/79 MP: 9/9
  6093 | D:7      | Noticed a gargoyle
  6138 | D:6      | Reached ** piety under Beogh
  6164 | D:6      | Learned a level 1 spell: Beastly Appendage
  6166 | D:6      | Learned a level 1 spell: Sting
  6704 | D:6      | Identified the +1 hunting sling of Fear {vorpal, +Blink
                  | rElec MP-9 SInv}
  6889 | D:6      | HP: 3/82 [wyvern skeleton (9)]
  7354 | D:6      | Found Repp's General Store.
  7356 | D:6      | Found Koociuz's Specific Store.
  7695 | D:7      | HP: 1/82 [something (6)]
  8100 | D:6      | Killed an unseen horror
  8101 | D:6      | Reached XP level 10. HP: 18/91 MP: 6/10
  8620 | D:7      | Killed from afar by a gargoyle

Illustrated notes

Levels and vault maps discovered:
D:1:      onia_arrival_mini_maze_b, layout_basic, bh_walls_and_bars
D:2:      layout_basic, serial_glass, glass_columns_c, glass_columns_b,
          nrook_campfire, minmay_tripent
D:3:      layout_basic, minmay_misc_feat_encased
D:4:      layout_cave_pools
D:5:      layout_basic, cheibrodos_sewer_entry_sluice, uniq_ijyb, uniq_pikel,
          uniq_menkaure
D:6:      cheibrodos_fzero, layout_basic, mainiacjoe_overflow_tiny_flanked,
          nicolae_specific_store, minmay_starry_boxes
D:7:      layout_loops_ring, temple_pool_b, minivault_4, grunt_decor_junction,
          uniq_crazy_yiuf_cottage, uniq_maggie, uniq_duvessa

Skill      XL: |  1  2  3  4  5  6  7  8  9 |
---------------+----------------------------+-----
Axes           | 3 4 5 6 7 9 |  9.4
Fighting       | 4 5 6 7 9 |  9.0
Shields        | 4 5 6 8 |  8.2
Armour         | 4 5 6 8 |  8.2

Action                   |  1- 3 |  4- 6 |  7- 9 | 10-12 || total
-------------------------+-------+-------+-------+-------++-------
Melee: War axe           |    78 |   138 |   317 |    13 ||   546
Throw: Boomerang         |       |     7 |    11 |       ||    18
Invok: Convert to Beogh  |       |     1 |       |       ||     1
       Smiting           |       |       |     3 |       ||     3
  Use: Potion            |       |     4 |     5 |       ||     9
       Scroll            |       |     1 |     5 |       ||     6
Armor: Scale mail        |    48 |    76 |       |       ||   124
       Chain mail        |       |     6 |   231 |    16 ||   253
Dodge: Dodged            |    45 |    55 |   109 |     2 ||   211
Block: Buckler           |    20 |    40 |    89 |     2 ||   151
